 Dungeon Crawl Stone Soup version 0.20.1-1-g8b1a95d (webtiles) character file.

9059 mopl the Quickloader (level 11, -6/89 HPs)
             Began as a Formicid Wanderer on Sept 21, 2017.
             Was a High Priest of Okawaru.
             Mangled by a two-headed ogre
             ... wielding a cursed -2 giant club
              (20 damage)
             ... on level 10 of the Dungeon.
             The game lasted 00:17:53 (9698 turns).

mopl the Quickloader (Formicid Wanderer)            Turns: 9698, Time: 00:17:54

Health: -6/89      AC: 19    Str: 18    XL:     11   Next: 67%
Magic:  17/17      EV:  9    Int: 10    God:    Okawaru [*****.]
Gold:   140        SH:  0    Dex: 17    Spells: 9/10 levels left

rFire    . . .     SeeInvis +   a - +2 hand crossbow
rCold    . . .     Gourm    .   (no shield)
rNeg     . . .     Faith    .   O - +0 plate armour
rPois    .         Spirit   .   (helmet unavailable)
rElec    .         Reflect  .   (no cloak)
rCorr    .         Harm     .   (no gloves)
MR       +....                  t - +1 pair of boots
Stlth    ..........             L - amulet of magic regeneration
Regen    0.3/turn               N - +3 ring of dexterity
MPRegen  0.3/turn               (no ring)

@: heroism
A: permanent stasis, dig shafts and tunnels, four strong arms, antennae 3
a: Dig, Shaft Self, Heroism, Finesse, Renounce Religion


You were on level 10 of the Dungeon.
You worshipped Okawaru.
Okawaru was extremely pleased with you.
You were near starving.

You visited 2 branches of the dungeon, and saw 11 of its levels.

You collected 616 gold pieces.
You spent 476 gold pieces at shops.

Inventory:

Hand Weapons
 a - a +2 hand crossbow (weapon)
 w - a +0 blowgun
Missiles
 b - 44 bolts (quivered)
 s - 80 poisoned needles
 K - a throwing net
Armour
 t - a +1 pair of boots (worn)
 O - a +0 plate armour (worn)
 P - +0 acid dragon scales
Jewellery
 H - an uncursed ring of ice
 L - an amulet of magic regeneration (around neck)
 N - a +3 ring of dexterity (left hand)
Wands
 v - a wand of random effects (14/48)
 y - a wand of scattershot (6/9)
 E - a wand of digging (11/24)
Scrolls
 h - 3 scrolls of magic mapping
 j - 6 scrolls of remove curse
 l - 8 scrolls of identify {unknown}
 o - 3 scrolls of immolation {unknown}
 p - 4 scrolls of fear {unknown}
 q - 2 scrolls of noise {unknown}
 u - 2 scrolls of recharging {unknown}
 A - 3 scrolls of teleportation {unknown}
 B - 2 scrolls of enchant weapon {unknown}
 C - 2 scrolls of blinking {unknown}
 M - a scroll of amnesia {unknown}
Potions
 d - 4 potions of curing
 e - 4 potions of lignification {unknown}
 g - 2 potions of brilliance {unknown}
 n - 2 potions of berserk rage {unknown}
 r - 2 potions of flight
 x - 2 potions of might {unknown}
 z - 3 potions of agility
 F - 2 potions of mutation {!q}
 R - a potion of cancellation
 S - a potion of resistance
Books
 G - a book of Geomancy

   Spells                             Type                      Level
   a - Sandblast                      Earth                        1
   b - Passwall                       Transmutation/Earth          2
   c - Stone Arrow                    Conjuration/Earth            3
   d - Petrify                        Transmutation/Earth          4
   e - Lee's Rapid Deconstruction     Earth                        5
 I - a book of Party Tricks

   Spells                             Type                      Level
   a - Summon Butterflies             Summoning                    1
   b - Apportation                    Translocation                1
   c - Lesser Beckoning               Translocation                3
   d - Tukima's Dance                 Hexes                        3
   e - Alistair's Intoxication        Transmutation/Poison         5
   f - Invisibility                   Hexes                        6
 J - a book of Cantrips

   Spells                             Type                      Level
   a - Confusing Touch                Hexes                        1
   b - Animate Skeleton               Necromancy                   1
   c - Summon Small Mammal            Summoning                    1
   d - Apportation                    Translocation                1
 Q - a book of Misfortune

   Spells                             Type                      Level
   a - Confusing Touch                Hexes                        1
   b - Confuse                        Hexes                        3
   c - Gell's Gravitas                Translocation                3
   d - Petrify                        Transmutation/Earth          4
   e - Metabolic Englaciation         Hexes/Ice                    5
   f - Yara's Violent Unravelling     Hexes/Transmutation          5
Comestibles
 c - 8 royal jellies
 f - 12 bread rations
 i - 6 fruits
 k - 5 meat rations


   Skills:
 + Level 9.3(14.3) Fighting
 * Level 11.4(16.4) Crossbows
 + Level 9.4(14.4) Armour
 - Level 1.2(6.2) Stealth
 + Level 8.5 Invocations
 - Level 1.1 Evocations


You had 9 spell levels left.
You knew the following spells:

 Your Spells              Type           Power        Failure   Level  Hunger
a - Apportation           Tloc           #.....       99%         1    ##.....


Dungeon Overview and Level Annotations

Branches:
Dungeon (10/15)            Temple (1/1) D:4            Lair (0/6) D:8
    Orc: D:9-12

Altars:
Ashenzari
Cheibriados
Dithmenos
Elyvilon
Fedhas
Gozag
Hepliaklqana
Kikubaaqudgha
Makhleb
Nemelex Xobeh
Okawaru
Qazlal
Ru
Sif Muna
Trog
Uskayaw
Vehumet
Xom
Yredelemnul
Zin
The Shining One

Shops:
D:10 ![


Innate Abilities, Weirdness & Mutations

You cannot be hasted, slowed, berserked, paralysed or teleported.
You can dig through walls and to a lower floor.
Your four strong arms can wield two-handed weapons with a shield.
You have a pair of large antennae on your head. (SInv)


Message History

The two-headed ogre is almost dead.
Unknown command.
Firing (i - inventory. (,) - cycle):
b - 46 bolts (quivered)
Press: ? - help, Shift-Dir - straight line, f/p - two-headed ogre
Aim: a two-headed ogre, wielding two giant clubs (almost dead)
You shoot a bolt.
The bolt barely misses the two-headed ogre.
The two-headed ogre hits you with a giant club!
* * * LOW HITPOINT WARNING * * *
The two-headed ogre hits you with a giant club.
* * * LOW HITPOINT WARNING * * *
Unknown command.
Firing (i - inventory. (,) - cycle):
b - 45 bolts (quivered)
Press: ? - help, Shift-Dir - straight line, f/p - two-headed ogre
Aim: a two-headed ogre, wielding two giant clubs (almost dead)
You shoot a bolt.
The bolt barely misses the two-headed ogre.
The two-headed ogre barely misses you.
The two-headed ogre hits you with a giant club!!
You die...

..# ##..............# >.
..#########...............
..#...#....................
......#.###..........#......
..#... ##...#...........∩#
......####...........##..#.
......#.....#######...|.
..#.....#...# ####(.....
..####.##.#####.@O.....(
..##...##.# #...##......
.....####.###.### .....
#.∩#..###.##..# ....
#..##(..#.##.## ..#
...##.....#..# ##.......
#.###.#.###.## #........
...#..#......###........
......#)................


You could see a two-headed ogre.

Vanquished Creatures
  A two-headed ogre (D:8)
  The ghost of vatarom the Martial Artist, a novice DsTm of Cheibriados (D:10)
  A moth of wrath (D:9)
  The ghost of vineage the Shield-Bearer, a novice GrFi of Okawaru (D:7)
  Joseph (D:7)
  3 komodo dragons (D:8)
  A hippogriff (D:7)
  2 wyverns
  4 hogs (D:7)
  A steam dragon (D:10)
  A human (D:7)
  Grum (D:10)
  Eustachio (D:6)
  An acid dragon (D:8)
  Duvessa (D:7)
  2 orc warriors
  2 sky beasts
  3 ice beasts
  An eye of draining (D:8)
  9 ogres
  2 wolves
  4 centaurs
  2 crocodiles
  4 big kobolds
  5 bullfrogs
  Dowan (D:7)
  A wyvern zombie (D:10)
  A scorpion (D:6)
  A wyvern skeleton (D:10)
  6 jellies
  A howler monkey (D:7)
  5 crimson imps
  2 bullfrog zombies
  4 orc priests
  5 orc wizards
  A bullfrog skeleton (D:5)
  A hound (D:10)
  2 iguanas
  Ijyb (D:3)
  4 worker ants
  A hound skeleton (D:7)
  A howler monkey zombie (D:8)
  6 gnolls
  A howler monkey skeleton (D:7)
  12 adders
  4 shadow imps
  3 oozes
  2 adder zombies (D:7)
  4 worms
  A dart slug (D:2)
  5 leopard geckos
  27 orcs
  14 bats
  2 giant cockroaches
  7 hobgoblins
  13 jackals
  24 kobolds
  8 quokkas
  4 frilled lizards (D:4)
  9 goblins
  A leopard gecko skeleton (D:6)
  A quokka zombie (D:8)
  11 rats
252 creatures vanquished.

Notes
Turn   | Place    | Note
-------+----------+-------------------------------------------
     0 | D:1      | mopl the Formicid Wanderer began the quest for the Orb.
     0 | D:1      | mopl set off with: a +2 hand crossbow, 27 bolts, a +0 ring mail, a potion of curing, a bread ration
     0 | D:1      | Reached XP level 1. HP: 18/18 MP: 1/1
    83 | D:1      | Reached XP level 2. HP: 24/24 MP: 2/2
   263 | D:1      | Reached XP level 3. HP: 27/29 MP: 3/3
   602 | D:2      | Reached skill level 3 in Crossbows
   603 | D:2      | Found a shimmering altar of Xom.
   607 | D:2      | Found a glowing golden altar of the Shining One.
   676 | D:2      | Reached XP level 4. HP: 37/37 MP: 4/4
   733 | D:2      | Reached skill level 4 in Fighting
  1107 | D:2      | Reached skill level 4 in Armour
  1290 | D:3      | Noticed Ijyb
  1308 | D:3      | Killed Ijyb
  1308 | D:3      | Reached XP level 5. HP: 33/42 MP: 5/5
  1458 | D:3      | Reached skill level 4 in Crossbows
  1542 | D:3      | Found a faded altar of an unknown god.
  1796 | D:3      | Reached XP level 6. HP: 42/49 MP: 6/6
  2149 | D:4      | Got a heavily jewelled robe
  2160 | D:4      | Identified the +1 robe of Contentment {rElec rF- rCorr Slay-5} (You found it on level 4 of the Dungeon)
  2228 | D:4      | Noticed an ogre
  2238 | D:4      | Killed an ogre
  2349 | D:4      | Noticed an ogre
  2353 | D:4      | Killed an ogre
  2353 | D:4      | Reached skill level 5 in Fighting
  2353 | D:4      | Reached skill level 5 in Crossbows
  2353 | D:4      | Reached skill level 5 in Armour
  2353 | D:4      | Reached XP level 7. HP: 40/56 MP: 7/7
  2487 | D:4      | Found a staircase to the Ecumenical Temple.
  2505 | Temple   | Entered the Ecumenical Temple
  2522 | Temple   | Became a worshipper of Warmaster Okawaru
  2816 | D:5      | Entered Level 5 of the Dungeon
  2925 | D:5      | Reached skill level 1 in Invocations
  3681 | D:5      | Reached XP level 8. HP: 40/63 MP: 9/9
  3947 | D:5      | Reached * piety under Okawaru
  3947 | D:5      | Reached skill level 6 in Crossbows
  3947 | D:5      | Reached skill level 2 in Invocations
  4225 | D:6      | Reached skill level 6 in Fighting
  4225 | D:6      | Reached skill level 6 in Armour
  4225 | D:6      | Reached skill level 3 in Invocations
  4449 | D:6      | Noticed Eustachio
  4635 | D:6      | Reached skill level 7 in Crossbows
  4675 | D:6      | Reached XP level 9. HP: 48/70 MP: 11/11
  4689 | D:6      | Killed Eustachio
  4689 | D:6      | Reached ** piety under Okawaru
  4804 | D:6      | Reached skill level 4 in Invocations
  5298 | D:7      | Noticed Duvessa
  5298 | D:7      | Noticed Dowan
  5313 | D:7      | Killed Duvessa
  5313 | D:7      | Reached skill level 7 in Armour
  5318 | D:7      | Killed Dowan
  5318 | D:7      | Reached skill level 8 in Crossbows
  5389 | D:7      | Reached skill level 7 in Fighting
  5389 | D:7      | Reached skill level 5 in Invocations
  5401 | D:7      | Noticed Joseph
  5418 | D:7      | Killed Joseph
  5850 | D:7      | Learned a level 1 spell: Apportation
  5860 | D:7      | Reached *** piety under Okawaru
  5860 | D:7      | Reached XP level 10. HP: 56/79 MP: 11/14
  5878 | D:7      | Reached skill level 9 in Crossbows
  5883 | D:7      | Reached skill level 6 in Invocations
  6376 | D:7      | Reached skill level 8 in Armour
  6443 | D:7      | Noticed vineage's ghost (novice GrFi)
  6459 | D:7      | Killed vineage's ghost
  6459 | D:7      | Reached skill level 8 in Fighting
  6726 | D:8      | Found a stormy altar of Qazlal.
  6838 | D:8      | Noticed a two-headed ogre
  6844 | D:8      | Killed a two-headed ogre
  6844 | D:8      | Reached **** piety under Okawaru
  6844 | D:8      | Reached skill level 10 in Crossbows
  6844 | D:8      | Reached skill level 7 in Invocations
  7359 | D:8      | Reached XP level 11. HP: 76/87 MP: 16/16
  7390 | D:8      | Found a staircase to the Lair.
  7831 | D:9      | Noticed a moth of wrath
  7834 | D:9      | Found a bloodstained altar of Trog.
  7872 | D:9      | Killed a moth of wrath
  7872 | D:9      | Reached skill level 9 in Armour
  7902 | D:9      | Received a gift from Okawaru
  7996 | D:9      | Reached skill level 9 in Fighting
  8183 | D:9      | Reached skill level 8 in Invocations
  8249 | D:9      | Reached skill level 11 in Crossbows
  8651 | D:10     | Entered Level 10 of the Dungeon
  8654 | D:10     | Noticed vatarom's ghost (novice DsTm)
  8662 | D:10     | Noticed Grum
  8894 | D:10     | Found Virooni's Distillery.
  8902 | D:10     | Bought a potion of flight for 42 gold pieces
  8902 | D:10     | Bought a potion of agility for 56 gold pieces
  8902 | D:10     | Bought a potion of degeneration for 14 gold pieces
  8902 | D:10     | Bought a potion of mutation for 112 gold pieces
  8902 | D:10     | Bought a potion of cancellation for 112 gold pieces
  8902 | D:10     | Bought a potion of resistance for 140 gold pieces
  8963 | D:10     | Found Loxylif's Armour Shoppe.
  8993 | D:10     | Killed vatarom's ghost
  8993 | D:10     | Reached ***** piety under Okawaru
  9116 | D:10     | Killed Grum
  9407 | D:10     | Noticed a two-headed ogre
  9698 | D:10     | Mangled by a two-headed ogre

Skill      XL: |  1  2  3  4  5  6  7  8  9 10 11 |
---------------+----------------------------------+-----
Crossbows      | 3 4 5 7 8 10 11 | 11.4
Fighting       | 4 5 6 7 8 9 |  9.3
Armour         | 4 5 6 7 8 9 |  9.4
Invocations    | 1 3 5 7 8 |  8.5
Stealth        | |  1.2
Evocations     | |  1.1

Action                   |  1- 3 |  4- 6 |  7- 9 | 10-12 || total
-------------------------+-------+-------+-------+-------++-------
 Fire: Hand crossbow     |    75 |   113 |   307 |   350 ||   845
Invok: Heroism           |       |       |     5 |    14 ||    19
 Abil: Dig               |       |       |     1 |       ||     1
Evoke: Wand              |       |       |       |     1 ||     1
  Use: Scroll            |       |       |       |     2 ||     2
  Eat: Chunk             |       |     4 |    11 |    10 ||    25
Armor: Ring mail         |    20 |    10 |       |       ||    30
       Scale mail        |       |     6 |   113 |     7 ||   126
       Chain mail        |       |       |       |    14 ||    14
       Plate armour      |       |       |       |    69 ||    69
Dodge: Dodged            |    20 |    21 |    97 |    60 ||   198
